 Dungeon Crawl Stone Soup version 0.30-a0-1160-g6e42c06551 (webtiles) character file.

Game seed: 3401403543615604819

3757 hwolsky the Cleaver (level 9, -4/81 HPs)
             Began as a Minotaur Fighter on Apr 26, 2023.
             Was a Believer of Okawaru.
             Succumbed to a hornet's poison
             ... on level 8 of the Dungeon.
             The game lasted 00:19:22 (8107 turns).

hwolsky the Cleaver (Minotaur Fighter)              Turns: 8107, Time: 00:19:23

Health: -4/81      AC: 22    Str: 24 (25) XL:     9   Next: 94%
Magic:  8/10       EV:  9    Int:  4 (5)  God:    Okawaru [**....]
Gold:   415        SH:  8    Dex:  9 (10) Spells: 8/8 levels left

rFire   . . .        a - +1 war axe
rCold   . . .        g - +1 buckler {AC+3}
rNeg    . . .        x - +0 plate armour
rPois   .            (helmet restricted)
rElec   .            d - +0 cloak
rCorr   .            (no gloves)
SInv    .            u - +0 pair of boots
Will    .....        (no amulet) Stlth
                     (no ring)
HPRegen 0.33/turn    (no ring)
MPRegen 0.12/turn

%: no passive effects
@: lethally poisoned (-4 -> -28), heroic, slowed, very slow
A: horns 2, retaliatory headbutt, sturdy frame 1
a: Renounce Religion, Heroism


You were on level 8 of the Dungeon.
You worshipped Okawaru.
Okawaru was pleased with you.
You visited 2 branches of the dungeon, and saw 10 of its levels.

You collected 415 gold pieces.

Inventory:

Hand Weapons
 a - a +1 war axe (weapon)
 r - a +0 broad axe
Missiles
 q - 3 datura-tipped darts (quivered)
 A - 4 javelins
 C - 11 poisoned darts
Armour
 d - a +0 cloak (worn)
 g - a +1 buckler of protection (worn)
 u - a +0 pair of boots (worn)
 x - a +0 plate armour (worn)
Wands
 m - a wand of polymorph (9)
 n - a wand of iceblast (17)
 s - a wand of flame (16)
 v - a wand of paralysis (22)
Scrolls
 c - 3 scrolls of fear
 e - 4 scrolls of teleportation
 h - a scroll of amnesia
 i - 5 scrolls of fog
 p - a scroll of noise
 y - a scroll of magic mapping
Potions
 b - a potion of resistance
 f - 2 potions of flight
 j - 3 potions of brilliance
 k - a potion of attraction
 o - a potion of lignification
 t - 3 potions of might
 w - a potion of haste


   Skills:
 + Level 8.2(13.2) Fighting
 * Level 10.7(15.7) Axes
 + Level 8.1(13.1) Armour
 + Level 8.3(13.3) Shields
 + Level 3.5 Invocations


You had 8 spell levels left.
You didn't know any spells.
Your spell library contained the following spells:

 Spells                   Type           Power      Damage    Failure   Level
 Beastly Appendage        Tmut           0%         N/A       98%         1
 Shock                    Conj/Air       0%         1d3       98%         1
 Blink                    Tloc           0%         N/A       99%         2
 Lesser Beckoning         Tloc           0%         N/A       99%         2
 Momentum Strike          Conj/Tloc      0%         3d8       99%         2
 Wereblood                Tmut           0%         N/A       99%         2
 Portal Projectile        Hex/Tloc       0%         N/A       100%        3
 Spider Form              Tmut/Pois      0%         N/A       100%        3
 Swiftness                Air            0%         N/A       100%        3
 Airstrike                Air            0%         2d(0-16)  100%        4
 Blade Hands              Tmut           0%         N/A       100%        5
 Tukima's Dance           Hex            Unusable   N/A       N/A         3

Dungeon Overview and Level Annotations

Branches:
Dungeon (9/15)             Temple (1/1) D:5            Lair (0/5) D:8
    Orc: D:9-12

Altars:
Cheibriados
Elyvilon
Fedhas
Gozag
Hepliaklqana
Kikubaaqudgha
Makhleb
Nemelex Xobeh
Okawaru
Qazlal
Ru
Sif Muna
Trog
Uskayaw
Vehumet
Zin
The Shining One


Innate Abilities, Weirdness & Mutations

You have a pair of horns on your head.
You reflexively headbutt those who attack you in melee.
Your movements are slightly less encumbered by armour. (ER -2)


Message History

You feel sick.
The hornet stings you but does no damage.
You can move again.
You feel much better.
You feel sick.
The hornet stings you but does no damage.
The hornet stings you.
You are more poisoned.
You feel as though you will be slow longer.
You feel better.
The hornet stings you but does no damage. x2
The hornet barely misses you.
You closely miss the hornet. Your headbutt misses the hornet.
The hornet is moderately wounded.
The hornet stings you!
You are poisoned.
You feel as though you will be slow longer.
The hornet stings you.
* * * LOW HITPOINT WARNING * * *
You feel as though you will be slow longer.
You miss the hornet.
The hornet is moderately wounded.
You feel very sick. You block the hornet's attack. The hornet stings you.
* * * LOW HITPOINT WARNING * * *
You are lethally poisoned!
You feel as though you will be slow longer.
The hornet completely misses you. You furiously retaliate!
You headbutt the hornet.
You gain the combat prowess of a mighty hero.
* * * LOW HITPOINT WARNING * * *
You feel very sick. The hornet stings you!
* * * LOW HITPOINT WARNING * * *
You are more poisoned.
You feel as though you will be slow longer.
The hornet barely misses you.
Okay, then.
You slash the hornet!
The hornet is heavily wounded.
You die...

....#
#.#####.##....#.########.
....# #..#
#.##.####.#........ #.###
##.####.........#.#######
#.# #....#..#.######.#
#.# ####.#..#(......<#
#.######
#.......#######..#
#......# #....#..# #..#
#......# #....#†y# #..#
)......# #...(#)@# #..#
)......# #....#### #..#
.......# ###### #..#
#......# #.[# #......#
#..# #[.....# #..#
#......# #..# ########
#..# #..#


You could see a hornet.

Vanquished Creatures
  A wyvern (D:7)
  A steam dragon (D:8)
  A naga (D:5)
  3 water moccasins
  Duvessa (D:5)
  3 orc warriors
  The ghost of kuroshi the Ruffian, an amateur TrCK of Xom (D:3)
  4 sky beasts
  3 black bears
  A centaur (D:6)
  4 bullfrogs
  3 scorpions
  8 wights (D:8)
  Dowan (D:5)
  4 killer bees (D:8)
  3 howler monkeys
  5 hounds
  2 orc priests
  3 jellies
  A sleepcap (D:6)
  Crazy Yiuf (D:2)
  Ijyb (D:3)
  2 orc wizards
  Robin (D:3)
  8 adders
  4 shadow imps
  2 white imps
  An ufetubus (D:6)
  2 worms (D:4)
  6 dart slugs
  14 orcs
  5 endoplasms
  6 giant cockroaches
  16 goblins
  7 hobgoblins
  9 jackals
  6 kobolds
  2 quokkas
  5 ball pythons
  4 bats
  2 frilled lizards (D:1)
  2 rats
  A bush (D:2)
160 creatures vanquished.

Vanquished Creatures (others)
  4 fungi (D:2)
  2 plants (D:3)
6 creatures vanquished.

Grand Total: 166 creatures vanquished

Notes
Turn   | Place    | Note
-------+----------+-------------------------------------------
     0 | D:1      | hwolsky the Minotaur Fighter began the quest for the Orb.
     0 | D:1      | Reached XP level 1. HP: 19/19 MP: 0/0
   125 | D:1      | Reached XP level 2. HP: 26/27 MP: 1/1
   309 | D:1      | Reached skill level 3 in Axes
   317 | D:1      | Found a faded altar of an unknown god.
   703 | D:1      | Gained mutation: You occasionally lose the ability to drink
                  | potions when taking damage. [potion of mutation]
   807 | D:2      | Reached XP level 3. HP: 33/33 MP: 2/2
   989 | D:2      | Lost mutation: You occasionally lose the ability to drink
                  | potions when taking damage. [potion of mutation]
   989 | D:2      | Gained mutation: Your movements are slightly less
                  | encumbered by armour. (ER -2) [potion of mutation]
  1320 | D:2      | Found a runed translucent door.
  1321 | D:2      | Noticed Crazy Yiuf
  1329 | D:2      | Killed Crazy Yiuf
  1330 | D:2      | Reached XP level 4. HP: 36/40 MP: 3/3
  1340 | D:2      | Identified the +8 hammer of Ecafug {drain, Fly rPois Str-3}
  1394 | D:3      | Reached skill level 4 in Axes
  1530 | D:3      | Found a large runed translucent door.
  1530 | D:3      | Found a large runed translucent door.
  1534 | D:3      | Noticed kuroshi's ghost (amateur TrCK)
  1553 | D:3      | Found a hazy altar of Hepliaklqana.
  1606 | D:3      | Found a blossoming altar of Fedhas.
  1687 | D:3      | Noticed Robin
  1701 | D:3      | Killed Robin
  1702 | D:3      | Reached XP level 5. HP: 45/47 MP: 4/4
  1756 | D:3      | Found an opulent altar of Gozag.
  1770 | D:3      | Noticed Ijyb
  1856 | D:3      | Killed Ijyb
  2117 | D:3      | Killed kuroshi's ghost
  2118 | D:3      | Reached skill level 5 in Axes
  2118 | D:3      | Reached XP level 6. HP: 47/55 MP: 5/5
  2255 | D:4      | Reached skill level 5 in Fighting
  2255 | D:4      | Reached skill level 5 in Armour
  2255 | D:4      | Reached skill level 5 in Shields
  2300 | D:4      | Found a white marble altar of Elyvilon.
  2425 | D:4      | Found a stormy altar of Qazlal.
  2427 | D:4      | Noticed an air elemental
  2435 | D:4      | Noticed a water elemental
  2439 | D:4      | Noticed a fire elemental
  3136 | D:5      | Entered Level 5 of the Dungeon
  3241 | D:5      | Noticed Dowan
  3245 | D:5      | Noticed Duvessa
  3249 | D:5      | Reached skill level 6 in Axes
  3249 | D:5      | Reached XP level 7. HP: 53/61 MP: 6/6
  3255 | D:5      | Killed Duvessa
  3258 | D:5      | Killed Dowan
  3259 | D:5      | Found a glowing golden altar of the Shining One.
  3436 | D:5      | Found an ancient bone altar of Kikubaaqudgha.
  3488 | D:5      | Reached skill level 7 in Axes
  3754 | D:5      | Reached XP level 8. HP: 37/70 MP: 7/7
  4023 | D:5      | Found a staircase to the Ecumenical Temple.
  4198 | Temple   | Entered the Ecumenical Temple
  4308 | Temple   | Became a worshipper of Warmaster Okawaru
  4517 | D:6      | Reached skill level 8 in Axes
  4733 | D:6      | Reached * piety under Okawaru
  4931 | D:6      | Identified the +5 hand axe of Conscience {venom, Str+5
                  | Dex-2}
  4964 | D:6      | Reached skill level 1 in Invocations
  5055 | D:6      | Reached skill level 9 in Axes
  5359 | D:6      | Reached XP level 9. HP: 59/79 MP: 7/9
  5587 | D:6      | You fall into a shaft and drop 2 floors!
  5890 | D:6      | Found a burning altar of Makhleb.
  5932 | D:6      | Found a hide-covered altar of Uskayaw.
  6778 | D:7      | Reached ** piety under Okawaru
  6990 | D:8      | Reached skill level 10 in Axes
  7217 | D:8      | Found a staircase to the Lair.
  7669 | D:8      | Found a snail-covered altar of Cheibriados.
  8100 | D:8      | Paralysed by a hornet for 2 turns
  8106 | D:8      | HP: 2/81 [hornet (8)]
  8107 | D:8      | Succumbed to a hornet's poison

Illustrated notes

Levels and vault maps discovered:
D:1:      mushboom_english_gardens, layout_loops_cross,
          shapermc_ecumenical_altar_starsandcircs
D:2:      layout_basic, uniq_crazy_yiuf_cottage
D:3:      layout_basic, lemuel_tele_altar, mainiacjoe_overflow_tiny_flanked,
          nicolae_hepliaklqana_hazy_memory, ebering_ghost_disaster_area,
          uniq_ijyb, uniq_robin
D:4:      layout_basic, mainiacjoe_overflow_cross_hatched,
          nicolae_qazlal_style_of_elements
D:5:      layout_loops_cross, nicolae_tso_carved_into_rock,
          nicolae_kikubaaqudgha_miasma_corner, temple_fountains, uniq_duvessa
D:6:      layout_layer_cave, lemuel_coloured_pillars_altar,
          makhleb_blood_cavern_becter, hellmonk_no_cap
D:7:      layout_cave_pods, grunt_ministairs_7
D:8:      layout_basic, mainiacjoe_overflow_concentric_impassable,
          lair_entry_dummy
D:9:      layout_cave_pools, nzn_wu_jian_contemplation,
          nicolae_overflow_quartered_altars, erik_orc_2, uniq_harold
Temple:   hellmonk_temple_beads

Skill      XL: |  1  2  3  4  5  6  7  8  9 |
---------------+----------------------------+-----
Axes           | 3 4 5 6 7 9 10 | 10.7
Armour         | 4 5 6 7 8 |  8.1
Shields        | 4 5 6 7 8 |  8.3
Fighting       | 4 5 6 7 8 |  8.2
Invocations    | 1 3 |  3.5

Action                     |  1- 3 |  4- 6 |  7- 9 || total
---------------------------+-------+-------+-------++-------
  Melee: War axe           |   118 |    67 |   236 ||   421
         Headbutt          |    21 |    17 |    46 ||    84
         Mace              |       |    15 |       ||    15
         Unarmed           |       |    31 |       ||    31
  Throw: Boomerang         |     2 |       |       ||     2
         Dart              |       |       |     6 ||     6
 Invoke: Heroism           |       |       |     1 ||     1
  Evoke: Wand              |       |       |     1 ||     1
    Use: Potion            |     5 |       |     8 ||    13
         Scroll            |     6 |     3 |     5 ||    14
 Armour: Scale mail        |    33 |    52 |    25 ||   110
         Chain mail        |       |       |    81 ||    81
         Plate armour      |       |       |    52 ||    52
  Dodge: Dodged            |    34 |    83 |   101 ||   218
  Block: Buckler           |    16 |    23 |    87 ||   126

Table legend: (Time is in decaauts)
 A = Elapsed time spent in this place.
 B = Non-inter-level travel time spent in this place.
 C = Inter-level travel time spent in this place.
 D = Time resting spent in this place.
 E = Time spent auto-exploring this place.
 F = Levels seen in this place.
 G = Mean time per level.
                   A        B        C        D        E       F      G
               +--------+--------+--------+--------+--------+-----+--------+
         Total |   8191 |   7769 |    422 |    168 |   5859 |  10 |  819.1 |
       Dungeon |   8061 |   7659 |    402 |    168 |   5768 |   9 |  895.7 |
        Temple |    129 |    110 |     19 |      0 |     91 |   1 |  129.0 |
               +--------+--------+--------+--------+--------+-----+--------+

Top non-repeatable levels by time:
     D:6: 1565 daAuts
     D:8: 1315 daAuts
     D:5: 1151 daAuts
     D:4: 965 daAuts
     D:7: 840 daAuts
     D:3: 792 daAuts
     D:1: 729 daAuts
     D:2: 693 daAuts
  Temple: 129 daAuts
     D:9: 7 daAuts
